 Dungeon Crawl Stone Soup version 0.30-a0-1160-g6e42c06551 (webtiles) character file.

Game seed: 9324795786795895184

46942 funkygono the Severer (level 14, -5/133 HPs)
             Began as a Minotaur Fighter on Apr 26, 2023.
             Was the Champion of Okawaru.
             Slain by Sonja
             ... wielding a +0 short sword of distortion
              (6 damage)
             ... on level 4 of the Lair of Beasts.
             The game lasted 00:31:18 (15420 turns).

funkygono the Severer (Minotaur Fighter)           Turns: 15420, Time: 00:31:20

Health: -5/133     AC: 37    Str: 24    XL:     14   Next: 6%
Magic:  13/13      EV:  6    Int:  5    God:    Okawaru [******]
Gold:   1200       SH:  6    Dex: 12    Spells: 13/13 levels left

rFire   . . .        S - +3 broad axe (flame)
rCold   . . .        c - +0 buckler
rNeg    . . .        f - +3 crystal plate armour
rPois   .            (helmet restricted)
rElec   .            y - +1 cloak
rCorr   .            D - +1 pair of gloves
SInv    .            k - +1 pair of boots
Will    +....        L - amulet of regeneration Stlth
                     O - +4 ring of protection
HPRegen 1.22/turn    q - ring of flight
MPRegen 0.13/turn

%: no passive effects
@: lethally poisoned (-5 -> -7), flying, slowed, very slow
A: horns 2, retaliatory headbutt
a: Renounce Religion, Heroism, Finesse, Duel


You were on level 4 of the Lair of Beasts.
You worshipped Okawaru.
Okawaru was exalted by your worship.
You visited 3 branches of the dungeon, and saw 17 of its levels.
You also visited: Bailey.

You collected 1200 gold pieces.

Inventory:

Hand Weapons
 a - a +9 war axe of venom
 z - a +2 heavy executioner's axe
 E - a +2 broad axe
 S - a +3 broad axe of flaming (weapon)
Missiles
 o - 11 boomerangs (quivered)
Armour
 c - a +0 buckler (worn)
 f - a +3 crystal plate armour (worn)
 k - a +1 pair of boots (worn)
 y - a +1 cloak (worn)
 D - a +1 pair of gloves (worn)
Jewellery
 e - a +5 ring of evasion
 q - a ring of flight (right hand)
 u - a ring of ice
 L - an amulet of regeneration (around neck)
 N - a +6 ring of strength
 O - a +4 ring of protection (left hand)
 Q - the ring of Broken Luck {Fire Str+2 Int-4 Slay+2 Stlth+}
   (You took it off a centaur warrior on level 8 of the Dungeon)

   [ring of fire]

   It enhances your fire magic.
   Str:       It affects your strength (+2).
   Int:       It affects your intelligence (-4).
   Slay:      It affects your accuracy & damage with ranged weapons and melee
   (+2).
   rF:        It protects you from fire.
   rC:        It makes you vulnerable to cold.
   Stlth:     It makes you more stealthy.
 T - the amulet "Cettyod" {RegenMP Int-2 SInv Stlth+}
   (You took it off a centaur warrior on level 8 of the Dungeon)

   [amulet of magic regeneration]

   It increases your rate of magic regeneration.
   Int:       It affects your intelligence (-2).
   SInv:      It lets you see invisible.
   Stlth:     It makes you more stealthy.
Wands
 h - a wand of quicksilver (9)
 i - a wand of digging (5)
 t - a wand of flame (20)
 P - a wand of paralysis (9)
 R - a wand of iceblast (12)
Scrolls
 l - 2 scrolls of fear
 m - 11 scrolls of teleportation
 p - 2 scrolls of fog
 v - a scroll of amnesia
 C - 3 scrolls of blinking
 F - 3 scrolls of summoning
 I - 2 scrolls of brand weapon
Potions
 b - a potion of degeneration
 d - a potion of might
 g - 8 potions of curing
 j - 3 potions of berserk rage
 n - 2 potions of resistance
 r - a potion of cancellation
 s - a potion of mutation {unknown}
 w - 6 potions of heal wounds
 x - 5 potions of haste
 A - 3 potions of invisibility
 B - 2 potions of brilliance
 H - 4 potions of flight
 J - 7 potions of ambrosia


   Skills:
 + Level 14.3 Fighting
 + Level 18.9 Axes
 + Level 2.0 Throwing
 + Level 14.1 Armour
 + Level 4.1 Dodging
 + Level 1.4 Stealth
 + Level 10.3 Shields
 + Level 1.0 Invocations


You had 13 spell levels left.
You didn't know any spells.
Your spell library contained the following spells:

 Spells                   Type           Power      Damage    Failure   Level
 Slow                     Hex            0%         N/A       100%        1
 Cigotuvi's Dreadful Rot  Necr/Pois/Air  0%         N/A       100%        2
 Scorch                   Fire           0%         2d5       100%        2
 Confusing Touch          Hex            0%         N/A       100%        3
 Dazzling Flash           Conj/Hex       0%         N/A       100%        3
 Ignite Poison            Fire/Tmut/Pois 0%         N/A       100%        3
 Vampiric Draining        Necr           0%         2d6       100%        3
 Anguish                  Hex/Necr       0%         N/A       100%        4
 Flame Wave               Conj/Fire      0%         2d4       100%        4
 Agony                    Necr           0%         N/A       100%        5
 Freezing Cloud           Conj/Ice/Air   0%         6-21      100%        5
 Silence                  Hex/Air        0%         N/A       100%        5
 Enfeeble                 Hex            0%         N/A       100%        7
 Storm Form               Tmut/Air       0%         N/A       100%        7
 Maxwell's Capacitive Co  Air            0%         ∞         100%        8
 Summon Lightning Spire   Summ/Air       Unusable   N/A       N/A         4
 Summon Cactus Giant      Summ           Unusable   N/A       N/A         6

Dungeon Overview and Level Annotations

Branches:
Dungeon (12/15)            Temple (1/1) D:6            Lair (4/5) D:8
 Shoals (0/4) Lair:2       Spider (0/4) Lair:2          Orc (0/2) D:12
 Bailey (visited)
  Slime: Lair:4-5

Altars:
Ashenzari
Cheibriados
Dithmenos
Elyvilon
Fedhas
Gozag
Hepliaklqana
Kikubaaqudgha
Makhleb
Nemelex Xobeh
Okawaru
Qazlal
Ru
Sif Muna
Trog
Uskayaw
Vehumet
Wu Jian
Xom
Yredelemnul
Zin
The Shining One

Shops:
D:2 [   D:8 [

Annotations:
Lair:4 Sonja


Innate Abilities, Weirdness & Mutations

You have a pair of horns on your head.
You reflexively headbutt those who attack you in melee.


Message History

You feel as though you will be slow longer.
Sonja throws a curare-tipped dart.
The curare-tipped dart hits you.
You are more poisoned.
You have difficulty breathing.
You feel as though you will be slow longer.
You feel extremely sick. You block Sonja's attack.
Sonja hits you but does no damage. Space warps around you.
You block Sonja's attack.
You closely miss Sonja. Your headbutt misses Sonja.
You feel very sick. You block Sonja's attack. Sonja barely misses you.
You block Sonja's attack. Sonja hits you but does no damage.
Space warps around you. Sonja hits you but does no damage.
Space warps horribly around you! Sonja hits you but does no damage.
Space warps around you.
You slash Sonja! You burn Sonja.
Sonja is heavily wounded.
You feel very sick. Sonja hits you but does no damage. Space warps around you.
You block Sonja's attack. Sonja hits you but does no damage.
Space warps horribly around you!
* * * LOW HITPOINT WARNING * * *
You closely miss Sonja.
Sonja is heavily wounded.
You feel very sick. Sonja closely misses you. You furiously retaliate!
You headbutt Sonja. Sonja hits you but does no damage.
Space warps horribly around you!!
* * * LOW HITPOINT WARNING * * *
Sonja hits you but does no damage. Space warps around you.
* * * LOW HITPOINT WARNING * * *
Sonja hits you but does no damage. x2; Space warps around you.
* * * LOW HITPOINT WARNING * * *
You block Sonja's attack.
Unknown command.
You closely miss Sonja.
Sonja is heavily wounded.
You feel sick. Sonja hits you but does no damage. Space warps around you.
* * * LOW HITPOINT WARNING * * *
You block Sonja's attack. Sonja hits you but does no damage.
Space warps around you.
You die...

## #####
#!####.#.#
#......###
#........#
###.......#
#........##
#....K...#
....#..@...#
.## #...####
##...##
##...# ##..#
#.##
#####+.##
#.......#
##.....## ##


You could see Sonja.

Vanquished Creatures
  The ghost of Picaen the Lord of Darkness, a journeyman DsNe of Kikubaaqudgha (Lair:2)
  Fannar (Lair:2)
  5 hydras
  2 centaur warriors (D:8)
  6 death yaks
  Urug (Lair:4)
  4 two-headed ogres
  A swamp dragon (Lair:1)
  An obsidian statue (D:8)
  An orc knight (Bailey)
  Joseph (D:8)
  A manticore (D:12)
  4 black mambas
  7 cane toads
  2 rime drakes
  3 komodo dragons
  2 gargoyles (D:12)
  4 unseen horrors
  An efreet (D:8)
  2 ice devils (D:12)
  A queen bee (D:10)
  A meliai (Lair:2)
  A polar bear (D:12)
  2 trolls
  5 hornets
  Grinder (D:6)
  10 blink frogs (Lair:3)
  3 slime creatures (D:12)
  2 centaur simulacra (D:12)
  35 yaks
  A vampire (D:9)
  A water elemental (D:12)
  12 spriggans (Lair:3)
  A shadow (D:12)
  6 wyverns
  3 wraiths
  9 vampire mosquitoes
  Menkaure (D:6)
  2 swamp worms (D:7)
  An acid dragon (D:12)
  Edmund (D:6)
  10 water moccasins
  Duvessa (D:6)
  A sky beast (D:7)
  8 black bears
  2 ice beasts (D:12)
  16 orc warriors
  3 boggarts (Lair:3)
  3 ogres
  4 centaurs
  20 wolves
  3 phantoms
  2 gnoll sergeants
  10 bullfrogs
  2 scorpions
  Dowan (D:6)
  47 killer bees
  2 howler monkeys
  3 electric eels
  4 crimson imps (D:10)
  2 jellies
  8 orc priests
  3 iguanas
  A sleepcap (D:7)
  A gnoll bouda (D:9)
  15 orc wizards
  3 adders (D:2)
  10 gnolls
  A shadow imp (D:6)
  6 white imps
  2 ufetubi
  2 dart slugs
  70 orcs
  3 bats
  A bat zombie (D:9)
  4 endoplasms
  2 giant cockroaches
  13 goblins
  5 hobgoblins
  6 jackals (D:2)
  8 kobolds
  A quokka (D:5)
  8 ball pythons
  2 frilled lizards
  3 rats
  4 rat zombies (D:9)
  2 bushes (D:8)
477 creatures vanquished.

Vanquished Creatures (others)
  A troll (D:8)
  17 fungi
  43 plants
61 creatures vanquished.

Grand Total: 538 creatures vanquished

Notes
Turn   | Place    | Note
-------+----------+-------------------------------------------
     0 | D:1      | funkygono the Minotaur Fighter began the quest for the Orb.
     0 | D:1      | Reached XP level 1. HP: 19/19 MP: 0/0
    81 | D:1      | Found a faded altar of an unknown god.
   198 | D:1      | Reached XP level 2. HP: 27/27 MP: 1/1
   561 | D:1      | Reached skill level 3 in Axes
   704 | D:1      | Reached XP level 3. HP: 33/33 MP: 2/2
  1098 | D:2      | Found a transporter.
  1100 | D:2      | Found Eweimun's Antique Armour Shoppe.
  1235 | D:2      | Reached XP level 4. HP: 40/40 MP: 3/3
  1280 | D:2      | Found a transporter.
  1817 | D:3      | Found a glowing golden altar of the Shining One.
  2024 | D:3      | Reached skill level 1 in Dodging
  2515 | D:4      | Reached skill level 5 in Armour
  2560 | D:4      | Noticed a scorpion
  2563 | D:4      | Killed a scorpion
  2564 | D:4      | Reached skill level 4 in Axes
  2564 | D:4      | Reached XP level 5. HP: 46/46 MP: 4/4
  3074 | D:5      | Entered Level 5 of the Dungeon
  3102 | D:5      | Noticed a phantom
  3112 | D:5      | Killed a phantom
  3113 | D:5      | Reached XP level 6. HP: 46/53 MP: 5/5
  3316 | D:5      | Reached skill level 5 in Axes
  3829 | D:5      | Reached skill level 6 in Axes
  3835 | D:5      | Reached XP level 7. HP: 52/60 MP: 6/6
  3918 | D:6      | Noticed Menkaure
  3925 | D:6      | Killed Menkaure
  4043 | D:6      | Noticed Dowan
  4044 | D:6      | Noticed Duvessa
  4052 | D:6      | Killed Duvessa
  4053 | D:6      | Reached skill level 5 in Fighting
  4053 | D:6      | Reached skill level 7 in Axes
  4066 | D:6      | Killed Dowan
  4103 | D:6      | Noticed Grinder
  4106 | D:6      | Paralysed by Grinder for 4 turns
  4113 | D:6      | Killed Grinder
  4114 | D:6      | Reached XP level 8. HP: 51/68 MP: 7/7
  4187 | D:6      | Reached skill level 8 in Axes
  4187 | D:6      | Reached skill level 5 in Shields
  4281 | D:6      | Found a shimmering blue altar of Sif Muna.
  4283 | D:6      | Found a stormy altar of Qazlal.
  4310 | D:6      | Found a bloodstained altar of Trog.
  4317 | D:6      | Reached skill level 1 in Stealth
  4355 | D:6      | Found a staircase to the Ecumenical Temple.
  4364 | Temple   | Entered the Ecumenical Temple
  4453 | D:6      | Found a sacrificial altar of Ru.
  4548 | D:6      | Reached skill level 9 in Axes
  4553 | D:6      | Reached XP level 9. HP: 27/75 MP: 8/8
  4554 | D:6      | Reached skill level 10 in Axes
  4740 | D:6      | Noticed Edmund
  4747 | D:6      | Killed Edmund
  4938 | D:7      | Identified the +5 long sword of Gallantry {drain, rPois}
  5246 | D:7      | Reached skill level 11 in Axes
  5820 | D:8      | Reached XP level 10. HP: 49/88 MP: 9/9
  5839 | D:8      | Reached skill level 12 in Axes
  5897 | D:8      | Found a staircase to the Lair.
  5928 | D:8      | Found a flagged portal.
  5935 | Bailey   | Entered a bailey
  6113 | Bailey   | Noticed an orc knight
  6183 | Bailey   | Killed an orc knight
  6649 | D:8      | Noticed a centaur warrior
  6650 | D:8      | Noticed a centaur warrior
  6652 | D:8      | Found a transporter.
  6655 | D:8      | Noticed an obsidian statue
  6657 | D:8      | Noticed a two-headed ogre
  6668 | D:8      | Killed a two-headed ogre
  6678 | D:8      | Reached skill level 10 in Armour
  6679 | D:8      | Reached skill level 13 in Axes
  6914 | D:8      | Found Cheibriados's Comfort Zone.
  6919 | D:8      | Found a snail-covered altar of Cheibriados.
  6933 | D:8      | Noticed Joseph
  6957 | D:8      | Killed Joseph
  7128 | D:8      | Paralysed by a hornet for 2 turns
  7289 | D:8      | Found a transporter.
  7292 | D:8      | Identified the ring of Broken Luck {Fire Str+2 Int-4 Slay+2
                  | Stlth+}
  7293 | D:8      | You are sucked into a shaft and drop 1 floor!
  7299 | D:9      | Noticed a two-headed ogre
  7312 | D:9      | Killed a two-headed ogre
  7558 | D:8      | Identified the amulet "Cettyod" {RegenMP Int-2 SInv Stlth+}
  8096 | D:9      | Reached XP level 11. HP: 88/97 MP: 10/10
  8159 | D:9      | Found a basalt altar of Yredelemnul.
  8472 | D:9      | Found an iron altar of Okawaru.
  8501 | D:9      | Became a worshipper of Warmaster Okawaru
  8532 | D:9      | Found an ancient bone altar of Kikubaaqudgha.
  8595 | D:9      | Found a blossoming altar of Fedhas.
  8710 | D:10     | Entered Level 10 of the Dungeon
  8835 | D:10     | Reached skill level 14 in Axes
  8862 | D:10     | Reached * piety under Okawaru
  9119 | D:10     | Reached skill level 1 in Throwing
  9245 | D:10     | Found a shimmering altar of Xom.
  9293 | D:10     | Identified the +6 long sword of Nuotasacs {heavy, Int+3}
  9433 | D:10     | Reached ** piety under Okawaru
  9435 | D:10     | Reached skill level 10 in Fighting
  9515 | D:10     | Identified the staff of fire "Luexeur" {rF+ rN+ Int-4 Dex+2
                  | SInv}
  9728 | D:11     | Noticed a two-headed ogre
  9734 | D:11     | Killed a two-headed ogre
 10452 | D:12     | Reached *** piety under Okawaru
 10453 | D:12     | Reached skill level 15 in Axes
 10924 | D:12     | Reached XP level 12. HP: 80/108 MP: 11/11
 11028 | D:12     | Reached **** piety under Okawaru
 11121 | D:12     | Noticed a death yak
 11121 | D:12     | Noticed a two-headed ogre
 11146 | D:12     | Killed a death yak
 11155 | D:12     | Reached skill level 16 in Axes
 11161 | D:12     | Killed a two-headed ogre
 11161 | D:12     | Reached ***** piety under Okawaru
 11684 | D:12     | Found a staircase to the Orcish Mines.
 12572 | D:8      | Received a gift from Okawaru
 12574 | D:8      | Killed a centaur warrior
 12578 | D:8      | Killed a centaur warrior
 12726 | Lair:1   | Entered Level 1 of the Lair of Beasts
 12845 | Lair:1   | Reached skill level 17 in Axes
 13147 | Lair:1   | Reached XP level 13. HP: 81/119 MP: 12/12
 13499 | Lair:2   | Found a staircase to the Shoals.
 13515 | Lair:2   | Noticed Fannar
 13526 | Lair:2   | Killed Fannar
 13526 | Lair:2   | Received a gift from Okawaru
 13528 | Lair:2   | Reached ****** piety under Okawaru
 13573 | Lair:2   | Found a hole to the Spider Nest.
 13689 | Lair:2   | Found a runed translucent gate.
 13689 | Lair:2   | Found a runed translucent gate.
 13689 | Lair:2   | Found a runed translucent gate.
 13690 | Lair:2   | Noticed Picaen's ghost (journeyman DsNe)
 14145 | Lair:2   | Killed Picaen's ghost
 14318 | Lair:3   | Reached skill level 18 in Axes
 14425 | Lair:3   | Reached skill level 10 in Shields
 14866 | Lair:3   | Received a gift from Okawaru
 14990 | Lair:3   | Received a gift from Okawaru
 15039 | Lair:3   | Reached XP level 14. HP: 132/132 MP: 13/13
 15140 | Lair:4   | Reached skill level 1 in Invocations
 15302 | Lair:4   | Noticed Urug
 15313 | Lair:4   | Killed Urug
 15398 | Lair:4   | Noticed Sonja
 15419 | Lair:4   | HP: 5/133 [Sonja/+0 short sword of distortion (3)]
 15420 | Lair:4   | HP: 1/133 [Sonja/+0 short sword of distortion (4)]
 15420 | Lair:4   | Slain by Sonja

Illustrated notes

Levels and vault maps discovered:
D:1:      tarquinn_simple_flora_water_a, layout_basic,
          shapermc_ecumenical_altar_ellora, dk_noncrumbling_3
D:2:      layout_rooms, serial_shops, nicolae_shop_drivethru
D:3:      layout_basic, tso_altar, chequers_serial_rivers_micro_b
D:4:      layout_cave_pods, chequers_big_river, minmay_distorted
D:5:      layout_basic, serial_corexii_hall, corexii_hall_statues_i,
          corexii_hall_statues_i, serial_bayou_ford_a, skrybe_limestone_x
D:6:      layout_cave_pools, nicolae_ru_sacrificial_ziggurat,
          trog_ov_bears_minmay, grunt_temple_overflow_open,
          minmay_temple_entry_antechambers, uniq_duvessa, uniq_menkaure,
          uniq_grinder, uniq_edmund
D:7:      layout_cave_pools, minmay_misc_feat_ornament, worms_lemuel
D:8:      gammafunk_sealed_arena, layout_gridville, minmay_lair_entry_grove,
          enter_bailey_3, minmay_shop_chei, supply_closet_lemuel,
          glass_columns_a, uniq_joseph
D:9:      layout_cave_pools, lemuel_zombie_altar_kikubaaqudgha,
          mainiacjoe_overflow_alcove_2, kennysheep_okawaru_gauntlet,
          yredelemnul_altar_generic, amcnicky_mini_rare_corridor_liquid
D:10:     layout_roguey [special_room_bee], led_xom_imps, grunt_decor_junction
D:11:     layout_loops_ring, roderic_serpentine_path
D:12:     layout_roguey [special_room_orc], orc_0_dummy, serial_ice,
          serial_ice_l, serial_ice_g, serial_ice_h, serial_ice_f, serial_ice_e,
          serial_ice_c, serial_ice_n, serial_ice_b,
          portal_ice_cave_demonic_guard, minmay_statues_item
Temple:   nicolae_temple_hex_pool
Lair:1:   layout_small_grid, chequers_serial_rivers_micro_c, pond,
          lemuel_fruit_tree
Lair:2:   layout_gridlike, elwin_shoals_entry_rocks,
          hellmonk_spider_entry_not_the_bees, ebering_ghost_rock_garden,
          serial_bayou_shore_a, uniq_fannar
Lair:3:   kb_forest_paths, layout_misc_corridors
Lair:4:   layout_roguey, serial_bayou_shore_b, uniq_sonja, uniq_urug

Skill      XL: |  1  2  3  4  5  6  7  8  9 10 11 12 13 14 |
---------------+-------------------------------------------+-----
Shields        | 4 5 6 8 9 10 | 10.3
Armour         | 4 5 6 7 9 10 11 13 14 | 14.1
Axes           | 3 4 6 7 9 11 13 15 17 18 | 18.9
Fighting       | 4 5 8 9 10 12 14 | 14.3
Dodging        | 1 2 3 4 |  4.1
Stealth        | 1 |  1.4
Throwing       | 1 2 |  2.0
Invocations    | 1 |  1.0

Action                     |  1- 3 |  4- 6 |  7- 9 | 10-12 | 13-15 || total
---------------------------+-------+-------+-------+-------+-------++-------
  Melee: War axe           |    72 |    67 |   120 |   606 |       ||   865
         Headbutt          |     5 |    13 |    20 |   153 |    52 ||   243
         Broad axe         |       |       |       |    42 |   292 ||   334
  Throw: Boomerang         |       |       |       |     8 |       ||     8
         Dart              |       |       |       |     7 |       ||     7
 Invoke: Heroism           |       |       |       |       |     5 ||     5
    Use: Scroll            |     6 |     8 |     3 |    14 |     6 ||    37
         Potion            |       |       |       |     3 |       ||     3
 Armour: Scale mail        |    33 |    11 |       |       |       ||    44
         Chain mail        |       |    12 |    32 |       |       ||    44
         Plate armour      |       |       |    29 |   352 |    23 ||   404
         Crystal plate arm |       |       |       |       |   217 ||   217
  Dodge: Dodged            |    52 |    54 |   102 |   300 |    91 ||   599
  Block: Buckler           |    19 |    16 |    39 |   158 |   104 ||   336

Table legend: (Time is in decaauts)
 A = Elapsed time spent in this place.
 B = Non-inter-level travel time spent in this place.
 C = Inter-level travel time spent in this place.
 D = Time resting spent in this place.
 E = Time spent auto-exploring this place.
 F = Levels seen in this place.
 G = Mean time per level.
                   A        B        C        D        E       F      G
               +--------+--------+--------+--------+--------+-----+--------+
         Total |  15278 |  14845 |    433 |    339 |  11084 |  18 |  848.8 |
       Dungeon |  12027 |  11642 |    385 |    239 |   8814 |  12 | 1002.2 |
        Temple |     70 |     62 |      8 |      0 |     52 |   1 |   70.0 |
          Lair |   2607 |   2568 |     39 |    100 |   1887 |   4 |  651.8 |
        Bailey |    573 |    573 |      0 |      0 |    331 |   1 |  573.0 |
               +--------+--------+--------+--------+--------+-----+--------+

Top non-repeatable levels by time:
     D:8: 1938 daAuts
    D:12: 1625 daAuts
    D:11: 1027 daAuts
     D:1: 1019 daAuts
     D:6: 976 daAuts
    D:10: 932 daAuts
     D:4: 899 daAuts
     D:7: 870 daAuts
  Lair:2: 821 daAuts
     D:5: 820 daAuts
     D:3: 740 daAuts
  Lair:3: 727 daAuts
     D:9: 726 daAuts
  Lair:1: 698 daAuts
  Bailey: 573 daAuts
